 Dungeon Crawl Stone Soup version 0.28-a0-8-g6e044cfa68 (webtiles) character file.

Game seed: 13547772594476365840

192 Spectrina the Sneak (level 6, -4/46 HPs)
             Began as a Djinni Delver on July 24, 2021.
             Slain by Terence (8 damage)
             ... on level 2 of the Dungeon.
             The game lasted 00:03:52 (338 turns).

Spectrina the Sneak (Djinni Delver)                  Turns: 338, Time: 00:03:53

Health: -4/46      AC:  3    Str: 11    XL:     6   Next: 2%
Gold:   0          EV: 12    Int: 14    God:
                   SH:  0    Dex: 14

rFire   + + .      SeeInvis .     - Unarmed
rCold   x . .      Faith    .   (no shield)
rNeg    . . .      Spirit   .   a - +0 leather armour
rPois   ∞          Reflect  .   (no helmet)
rElec   .          Harm     .   (no cloak)
rCorr   .          Rampage  .   (no gloves)
Will    .....                   (boots unavailable)
Stlth   ++........              (no amulet)
HPRegen 0.15/turn               (no ring)
MPRegen 0.00/turn               (no ring)

@: flying
A: sickness immunity, fire resistance 2, cold vulnerability 1, float, innate
caster, hp casting, extra vitality 1
a: no special abilities


You were on level 2 of the Dungeon.
You visited 2 branches of the dungeon, and saw 5 of its levels.

Inventory:

Armour
 a - a +0 leather armour (worn)
Wands
 f - a wand of digging (3)
Scrolls
 b - a scroll of fog
 c - a scroll of magic mapping
 d - a scroll of identify {unknown}
 g - a scroll of amnesia {unknown}
Potions
 e - a potion of haste


   Skills:
 - Level 3.0 Fighting
 - Level 2.1 Dodging
 - Level 4.1 Stealth
 - Level 2.0 Unarmed Combat
 + Level 3.9 Spellcasting


You had 9 spell levels left.
You knew the following spells:

 Your Spells              Type           Power      Damage    Failure   Level
a - Freeze                Ice            52%        1d7       4%          1
f - Poisonous Vapours     Pois/Air       26%        N/A       8%          2
Your spell library was empty.

Dungeon Overview and Level Annotations

Branches:
Dungeon (5/15)             Temple (1/1) D:5

Altars:
Cheibriados
Dithmenos
Elyvilon
Fedhas
Hepliaklqana
Makhleb
Nemelex Xobeh
Okawaru
Qazlal
Sif Muna
Trog
Vehumet
Wu Jian
Xom
Yredelemnul
Zin

Annotations:
D:2 Terence


Innate Abilities, Weirdness & Mutations

You are immune to sickness and miasma.
You are immune to poison.
Your flesh is very heat resistant. (rF++)
You are vulnerable to cold. (rC-)
You float through the air rather than walking.
You learn spells naturally, not from books.
Your magical power is your life essence.
You have superior vitality. (+4 HP)


Message History

An adder comes into view.
The adder hisses angrily.
Things that are here:
a +0 dagger; a goblin corpse
Found a fizzy coppery potion.
Casting: Poisonous Vapours (safe; 9% risk of failure)
Confirm with . or Enter, or press ? or * to list all spells.
Aiming: Freeze (safe; 5% risk of failure)
Press: ? - help, Shift-Dir - straight line, f - adder
Aim: an adder You freeze the adder.
The adder is heavily wounded.
The adder seems to slow down.
* * * LOW HITPOINT WARNING * * *
The adder bites you but does no damage.
Unknown command.
Casting: Freeze (safe; 5% risk of failure)
Confirm with . or Enter, or press ? or * to list all spells.
Aiming: Freeze (safe; 5% risk of failure)
Press: ? - help, Shift-Dir - straight line, f/p - adder
Aim: an adder (heavily wounded, slow)
You freeze the adder.
You kill the adder!
* * * LOW HITPOINT WARNING * * *
You have reached level 6!
Your experience leads to an increase in your attributes!
Increase (S)trength, (I)ntelligence, or (D)exterity?
You feel clever.
A giant cockroach comes into view.
Found a stone staircase leading up.
You see here 18 gold pieces.
There is a stone staircase leading up here.
Unknown command.
You fly upwards.
There is a stone staircase leading down here.
Unknown command.
Terence the Incautious comes into view.
He is wielding a +0 trident.
Terence shouts!
Terence hits you from afar with a +0 trident!
You die...

#.#.#
#.#.#
##.#.#
.....
...# #
#..###..#
#...@...#
#.@#
#####..#
#.....>#
#.###..#
##.# #..
###


You could see Terence.

Vanquished Creatures
  A water moccasin (D:5)
  A hound (D:5)
  A bullfrog skeleton (D:5)
  A hound skeleton (D:5)
  2 adders (D:3)
  A goblin (D:3)
7 creatures vanquished.

Vanquished Creatures (others)
  7 plants (D:5)
7 creatures vanquished.

Grand Total: 14 creatures vanquished

Notes
Turn   | Place    | Note
-------+----------+-------------------------------------------
     0 | D:5      | Spectrina the Djinni Delver began the quest for the Orb.
     0 | D:5      | Reached XP level 1. HP: 20/20 MP: 0/0
    23 | D:5      | Found a staircase to the Ecumenical Temple.
    25 | D:5      | Noticed a black bear
    36 | Temple   | Entered the Ecumenical Temple
   163 | D:5      | Noticed a water moccasin
   171 | D:5      | Reached skill level 1 in Spellcasting
   171 | D:5      | Reached XP level 2. HP: 25/25 MP: 0/0
   174 | D:5      | Reached XP level 3. HP: 30/30 MP: 0/0
   174 | D:5      | Learned a level 1 spell: Freeze
   186 | D:5      | Killed a water moccasin
   187 | D:5      | Reached XP level 4. HP: 14/35 MP: 0/0
   187 | D:5      | Reached XP level 5. HP: 16/40 MP: 0/0
   187 | D:5      | Learned a level 2 spell: Poisonous Vapours
   187 | D:5      | Noticed a necrophage
   190 | D:5      | HP: 1/40 [hound (4)]
   194 | D:5      | Noticed a water moccasin
   202 | D:5      | Noticed an ogre
   256 | D:5      | Noticed a troll
   329 | D:3      | Reached XP level 6. HP: 3/46 MP: 0/0
   338 | D:2      | Noticed Terence
   338 | D:2      | Slain by Terence

Illustrated notes

Levels and vault maps discovered:
D:2:      kennysheep_six_static_rooms, layout_basic,
          ebering_ecumenical_altar_sacrificial, grunt_decor_arrowhead,
          uniq_crazy_yiuf_cottage, uniq_robin, uniq_terence
D:3:      layout_basic, biasface_ghost_orc_armoury
D:4:      layout_basic, hellmonk_ghost_happy_afterlife, uniq_ijyb
D:5:      cheibrodos_barr_body, layout_loops_ring,
          minmay_temple_entry_overgrown, chequers_big_river,
          amcnicky_mini_corridor_feature
Temple:   kb_temple_of_zot

Skill      XL: |  1  2  3 |
---------------+----------+-----
Spellcasting   | 1 2 3 |  3.9
Fighting       | |  3.0
Dodging        | |  2.1
Stealth        | |  4.1
Unarmed Combat | |  2.0

Action                   |  1- 3 |  4- 6 || total
-------------------------+-------+-------++-------
Melee: Unarmed           |    15 |       ||    15
 Cast: Poisonous Vapours |       |     8 ||     8
       Freeze            |       |     3 ||     3
  Use: Potion            |     1 |       ||     1
       Scroll            |       |     1 ||     1
 Stab: Sleeping          |     1 |       ||     1
Armor: Skin              |    14 |       ||    14
       Leather armour    |     1 |     3 ||     4
Dodge: Dodged            |     3 |     4 ||     7

Table legend: (Time is in decaauts)
 A = Elapsed time spent in this place.
 B = Non-inter-level travel time spent in this place.
 C = Inter-level travel time spent in this place.
 D = Time resting spent in this place.
 E = Time spent auto-exploring this place.
 F = Levels seen in this place.
 G = Mean time per level.
                   A        B        C        D        E       F      G
               +--------+--------+--------+--------+--------+-----+--------+
         Total |    337 |    337 |      0 |      0 |      0 |   5 |   67.4 |
       Dungeon |    266 |    266 |      0 |      0 |      0 |   4 |   66.5 |
        Temple |     70 |     70 |      0 |      0 |      0 |   1 |   70.0 |
               +--------+--------+--------+--------+--------+-----+--------+

Top non-repeatable levels by time:
     D:5: 213 daAuts
  Temple: 70 daAuts
     D:3: 34 daAuts
     D:4: 16 daAuts
     D:2: 1 daAuts
